 Dungeon Crawl Stone Soup version 0.20.1-1-g8b1a95d (webtiles) character file.

22484 Monsterracer the Martial Artist (level 13, -6/103 HPs)
             Began as a Barachi Transmuter on Oct 24, 2017.
             Was a High Priest of Okawaru.
             Mangled by a four-headed hydra (18 damage)
             ... on level 2 of the Lair of Beasts.
             The game lasted 00:31:07 (20426 turns).

Monsterracer the Martial Artist (BaTm)             Turns: 20426, Time: 00:31:08

Health: -6/103     AC: 10    Str: 16    XL:     13   Next: 0%
Magic:  18/18      EV: 17    Int: 17    God:    Okawaru [*****.]
Gold:   690        SH:  0    Dex: 16    Spells: 3/19 levels left

rFire    + . .     SeeInvis .     - Unarmed
rCold    + . .     Gourm    +   (no shield)
rNeg     . . .     Faith    .   h - +2 robe {rC+ rF+}
rPois    .         Spirit   .   r - +2 helmet
rElec    .         Reflect  .   (no cloak)
rCorr    .         Harm     .   x - +0 pair of gloves {Dex+3}
MR       .....                  (no boots)
Stlth    +.........             K - amulet of the gourmand
Regen    0.3/turn               w - ring of flight
MPRegen  0.2/turn               E - +3 ring of strength

@: slow
A: +LOS, swims, yellow scales 1, blink, slowness 1, wild magic 1, strong legs 2
a: Hop, Blink, Heroism, Finesse, Renounce Religion, Evoke Flight


You were on level 2 of the Lair of Beasts.
You worshipped Okawaru.
Okawaru was extremely pleased with you.
You were very hungry.

You visited 3 branches of the dungeon, and saw 13 of its levels.
You also visited: Sewer.

You collected 690 gold pieces.

Inventory:

Hand Weapons
 b - the +9 shortbow of Okawaru's Reproof {freeze, Int+2 SInv, !f}
   (Okawaru gifted it to you on level 1 of the Lair of Beasts)

   It causes projectiles fired from it to freeze those they strike, causing
   extra injury to most foes and up to half again as much damage against
   particularly susceptible opponents.
   They can also slow down cold-blooded creatures.
   It affects your intelligence (+2).
   It lets you see invisible.
Missiles
 a - 143 arrows
Armour
 c - a +0 troll leather armour
 h - a +2 robe of resistance (worn)
 r - a +2 helmet (worn)
 x - a +0 pair of gloves of dexterity (worn)
 L - the +1 chain mail of Ethrisch {rElec rN+}
   (You found it on level 1 of the Lair of Beasts)

   It insulates you from electricity.
   It protects you from negative energy.
Jewellery
 t - an uncursed ring of ice
 w - a ring of flight (left hand)
 E - a +3 ring of strength (right hand)
 K - an amulet of the gourmand (around neck)
Wands
 m - a wand of clouds (9/9)
 F - a wand of acid (4/15)
 I - a wand of digging (3/24)
Scrolls
 g - 5 scrolls of teleportation
 y - 3 scrolls of fear
 B - a scroll of blinking
 G - a scroll of enchant armour
 H - a scroll of magic mapping
Potions
 e - 3 potions of agility
 f - 3 potions of mutation
 j - 2 potions of brilliance
 l - 4 potions of curing
 o - 2 potions of lignification
 q - 4 potions of flight
 s - 4 potions of magic
 v - 2 potions of cancellation
 z - 2 potions of might
 A - 2 potions of haste
 C - 4 potions of heal wounds
 D - a potion of invisibility {unknown}
Books
 J - a book of Necromancy

   Spells                             Type                      Level
   a - Pain                           Necromancy                   1
   b - Animate Skeleton               Necromancy                   1
   c - Vampiric Draining              Necromancy                   3
   d - Regeneration                   Charms/Necromancy            3
   e - Animate Dead                   Necromancy                   4
   f - Control Undead                 Necromancy                   4
Comestibles
 d - 14 bread rations
 i - 2 royal jellies
 k - 6 meat rations
 n - 7 fruits


   Skills:
 + Level 10.1 Fighting
 + Level 7.7 Dodging
 * Level 13.6 Unarmed Combat
 + Level 3.7 Spellcasting
 - Level 3.0 Hexes
 - Level 3.0 Summonings
 - Level 11.0 Transmutations
 - Level 4.8 Ice Magic
 + Level 6.2 Invocations


You had 3 spell levels left.
You knew the following spells:

 Your Spells              Type           Power        Failure   Level  Hunger
a - Ice Form              Ice/Tmut       #####...     10%         4    ####...
b - Sticks to Snakes      Tmut           ######..     1%          2    ##.....
c - Confusing Touch       Hex            ###...       8%          1    None
d - Blade Hands           Tmut           ######....   8%          5    ######.
e - Spider Form           Tmut/Pois      ####......   8%          3    ###....
f - Summon Butterflies    Summ           ###.....     8%          1    None


Dungeon Overview and Level Annotations

Branches:
Dungeon (10/15)            Temple (1/1) D:6            Lair (2/6) D:9
  Swamp: Lair:2-4    Shoals: Lair:2-4     Snake: Lair:2-4    Spider: Lair:2-4
    Orc: D:9-12

Altars:
Ashenzari
Cheibriados
Dithmenos
Elyvilon
Fedhas
Gozag
Hepliaklqana
Kikubaaqudgha
Makhleb
Nemelex Xobeh
Okawaru
Qazlal
Ru
Sif Muna
Trog
Uskayaw
Vehumet
Xom
Yredelemnul
Zin
The Shining One

Shops:
D:8 ?


Innate Abilities, Weirdness & Mutations

Shadows flee at your approach. (+LOS)
You can swim through water.
You cover ground slowly.
You can hop longer distances.
You are partially covered in yellow scales. (AC +2)
You can translocate small distances at will.
Your spells are a little harder to cast, but a little more powerful.


Message History

Boing!
There is a stone staircase leading up here.
You climb upwards.
Your hands revert to their normal proportions.
Your +0 pair of gloves of dexterity unmelds from your body.
You feel agile.
There is a stone staircase leading down here.
You start resting.
Unknown command.
Unknown command.
You start resting.
You are ready to hop once more.
You start resting.
You are feeling hungry.
You start resting.
HP restored.
Casting: Blade Hands
Confirm with . or Enter, or press ? or * to list all spells.
You turn into a creature of crystalline ice.
Your +2 helmet melds into your body.
Your +0 pair of gloves of dexterity melds into your body.
Your +2 robe of resistance melds into your body.
You feel clumsy.
You feel hot and cold all over.
You are feeling very hungry.
Casting: Ice Form
Confirm with . or Enter, or press ? or * to list all spells.
You miscast Confusing Touch.
You are very lightly contaminated with residual magic.
Nothing appears to happen.
Casting: Confusing Touch
Confirm with . or Enter, or press ? or * to list all spells.
Your front paws begin to glow red.
You climb downwards.
The four-headed hydra bites you! The four-headed hydra bites you.
The four-headed hydra bites you! x2
There is a stone staircase leading up here.
Huge Dmg: -31%(-39hp) hp: 69%(84hp)
You hit the four-headed hydra but do no damage.
The four-headed hydra completely misses you.
The four-headed hydra closely misses you.
The four-headed hydra bites you!
The four-headed hydra bites you but does no damage.
Damage: -9%(-11hp) hp: 60%(73hp)
You hit the four-headed hydra but do no damage.
The four-headed hydra bites you! x2
* * * LOW HITPOINT WARNING * * *
The four-headed hydra completely misses you.
The four-headed hydra bites you!
* * * LOW HITPOINT WARNING * * *
Huge Dmg: -23%(-28hp) hp: 37%(45hp) Unknown command.
You hit the four-headed hydra but do no damage.
The four-headed hydra bites you!
* * * LOW HITPOINT WARNING * * *
The four-headed hydra closely misses you.
The four-headed hydra completely misses you.
The four-headed hydra bites you!
* * * LOW HITPOINT WARNING * * *
Huge Dmg: -13%(-16hp) hp: 24%(29hp) Unknown command.
Unknown command.
Your front paws stop glowing.
There is a stone staircase leading down here.
Your magical contamination has completely faded away.
Your transformation is almost over.
There is a stone staircase leading down here.
The four-headed hydra barely misses you.
The four-headed hydra misses you. The four-headed hydra bites you.
* * * LOW HITPOINT WARNING * * *
The four-headed hydra completely misses you.
Damage: -2%(-3hp) hp: 33%(40hp) Unknown command.
Unknown command.
You warm up again.
Your +2 helmet unmelds from your body.
Your +0 pair of gloves of dexterity unmelds from your body.
Your +2 robe of resistance unmelds from your body.
You feel agile.
You feel resistant to extremes of temperature.
Damage: -7%(-7hp) hp: 34%(35hp)
The four-headed hydra bites you but does no damage.
The four-headed hydra barely misses you.
The four-headed hydra bites you.
* * * LOW HITPOINT WARNING * * *
The four-headed hydra closely misses you.
Damage: -4%(-5hp) hp: 30%(30hp) Unknown command.
The four-headed hydra closely misses you.
The four-headed hydra bites you.
* * * LOW HITPOINT WARNING * * *
The four-headed hydra barely misses you. x2
Damage: -4%(-4hp) hp: 27%(27hp) Unknown command.
The four-headed hydra bites you.
* * * LOW HITPOINT WARNING * * *
The four-headed hydra bites you but does no damage.
The four-headed hydra bites you!
* * * LOW HITPOINT WARNING * * *
The four-headed hydra bites you!!
You die...

#...............#....#
#.....................
#.....................
##............<........
#......................
#....>..........##.+P#.
##.#.##+##.##..##.#.###
#P..###.####...##......
#..#.#@....##..........
##.##.D...###...#......
#P..##....# #..##......
#..P##..#####...#......
##.###.#####...###.##..
#.#.#+..#..#..######'P
#.....................
#.....................
########...#.####.###.


You could see a four-headed hydra.

Vanquished Creatures
  2 hydras (Lair:1)
  The ghost of Jazqa the Covert, a journeyman KoBe of Trog (Lair:1)
  5 two-headed ogres
  Pikel (D:5)
  Joseph (D:7)
  Psyche (D:9)
  2 spiny frogs (Lair:1)
  8 komodo dragons
  A troll (D:9)
  The ghost of Regeox the Covert, a novice SpEn (D:5)
  Prince Ribbit (Lair:1)
  4 blink frogs (Lair:1)
  3 hippogriffs
  31 yaks
  A spriggan (D:8)
  A steam dragon (D:9)
  Eustachio (D:6)
  4 water moccasins
  5 porcupines
  An ice beast (D:10)
  3 slaves
  2 orc warriors
  5 sky beasts
  7 ogres
  2 phantoms
  3 wolves (Lair:2)
  6 crocodiles
  A centaur (D:7)
  5 big kobolds
  Blork the orc (D:5)
  8 bullfrogs
  The ghost of ValdsEpitaph the Ducker, an amateur FeBe of Trog (D:3)
  2 gnoll sergeants
  2 water moccasin zombies
  4 scorpions
  5 wights (D:9)
  2 howler monkeys
  A bullfrog zombie (D:9)
  8 crimson imps
  2 centaur zombies
  A centaur skeleton (D:5)
  5 hounds
  2 bullfrog skeletons
  6 jellies
  3 iguanas
  4 orc wizards
  16 worker ants
  A hound skeleton (D:10)
  A worker ant zombie (D:10)
  A howler monkey zombie (D:8)
  A howler monkey skeleton (D:5)
  16 gnolls
  4 river rats
  22 adders
  2 shadow imps
  An ooze (D:5)
  3 adder skeletons
  2 adder zombies
  4 worms
  2 dart slugs (D:1)
  11 leopard geckos
  32 orcs
  5 giant cockroaches
  5 goblins
  7 hobgoblins
  14 jackals
  26 kobolds
  3 quokkas
  4 ball pythons
  10 bats
  2 frilled lizards (D:2)
  A jackal zombie (D:6)
  2 quokka skeletons
  11 rats
375 creatures vanquished.

Vanquished Creatures (others)
  A slave (D:5)
  A worker ant (D:5)
  5 fungi (Lair:1)
  2 plants (Lair:1)
9 creatures vanquished.

Grand Total: 384 creatures vanquished

Notes
Turn   | Place    | Note
-------+----------+-------------------------------------------
     0 | D:1      | Monsterracer the Barachi Transmuter began the quest for the Orb.
     0 | D:1      | Reached XP level 1. HP: 15/15 MP: 3/3
   210 | D:1      | Reached XP level 2. HP: 15/21 MP: 5/5
   222 | D:1      | Learned a level 2 spell: Sticks to Snakes
   596 | D:1      | Reached skill level 4 in Unarmed Combat
   606 | D:1      | Reached XP level 3. HP: 21/26 MP: 6/6
   611 | D:1      | Learned a level 3 spell: Spider Form
  1726 | D:2      | Found a shadowy altar of Dithmenos.
  1789 | D:2      | Reached XP level 4. HP: 22/32 MP: 3/7
  2056 | D:3      | HP: 15/32 [orc/hand axe (2)]
  2063 | D:3      | HP: 13/32 [poisoned by an adder]
  2070 | D:3      | HP: 11/32 [poisoned by an adder]
  2078 | D:3      | HP: 10/32 [poisoned by an adder]
  2252 | D:3      | Noticed ValdsEpitaph's ghost (amateur FeBe)
  2648 | D:3      | Reached skill level 5 in Unarmed Combat
  2709 | D:3      | HP: 16/32 [goblin (4)]
  2953 | D:3      | Reached XP level 5. HP: 37/37 MP: 8/8
  3094 | D:3      | HP: 18/37 [poisoned by an adder]
  3099 | D:3      | HP: 16/37 [poisoned by an adder]
  3106 | D:3      | HP: 14/37 [poisoned by an adder]
  3113 | D:3      | HP: 12/37 [poisoned by an adder]
  3121 | D:3      | HP: 11/37 [poisoned by an adder]
  3856 | D:4      | HP: 17/37 [hound (3)]
  4253 | D:4      | Noticed an ogre
  4260 | D:4      | Reached XP level 6. HP: 43/43 MP: 5/9
  4265 | D:4      | HP: 10/43 [ogre/giant spiked club (28)]
  4274 | D:4      | Reached skill level 6 in Unarmed Combat
  4274 | D:4      | Reached skill level 5 in Transmutations
  4880 | D:4      | Reached XP level 7. HP: 46/48 MP: 10/10
  4931 | D:4      | Learned a level 4 spell: Ice Form
  5063 | D:5      | Entered Level 5 of the Dungeon
  5064 | D:5      | Noticed Blork the orc
  5074 | D:5      | Killed Blork the orc
  5197 | D:5      | HP: 24/48 [river rat (2)]
  5227 | D:5      | Found a glowing drain.
  5353 | Sewer    | Entered a sewer
  5622 | Sewer    | Reached skill level 7 in Unarmed Combat
  5622 | Sewer    | Reached skill level 1 in Ice Magic
  6193 | D:5      | Reached XP level 8. HP: 58/58 MP: 9/11
  6196 | D:5      | Learned a level 1 spell: Confusing Touch
  6255 | D:4      | HP: 25/58 [slave[Pikel] (10)]
  6263 | D:4      | HP: 21/58 [slave[Pikel] (5)]
  6531 | D:5      | Noticed Pikel
  6542 | D:5      | Killed Pikel
  6542 | D:5      | Reached skill level 8 in Unarmed Combat
  6937 | D:5      | Found a sacrificial altar of Ru.
  6945 | D:5      | Became a worshipper of Ru the Awakened
  7611 | D:5      | HP: 29/61 [poisoned by a worker ant]
  7616 | D:5      | HP: 23/61 [poisoned by a worker ant]
  7621 | D:5      | HP: 18/61 [poisoned by a worker ant]
  7627 | D:5      | HP: 16/61 [poisoned by a worker ant]
  7633 | D:5      | HP: 14/61 [poisoned by a worker ant]
  7638 | D:5      | HP: 13/61 [poisoned by a worker ant]
  7646 | D:5      | HP: 12/61 [poisoned by a worker ant]
  7902 | D:5      | Reached XP level 9. HP: 49/67 MP: 8/12
  8061 | D:5      | Noticed Regeox's ghost (novice SpEn)
  8080 | D:4      | HP: 33/67 [poisoned by Regeox's ghost]
  8085 | D:4      | HP: 31/67 [poisoned by Regeox's ghost]
  8090 | D:4      | HP: 30/67 [poisoned by Regeox's ghost]
  8097 | D:4      | HP: 30/67 [poisoned by Regeox's ghost]
  8105 | D:4      | HP: 29/67 [poisoned by Regeox's ghost]
  8295 | D:4      | HP: 40/80 [crimson imp (3)]
  8672 | D:5      | Killed Regeox's ghost
  8672 | D:5      | Reached skill level 5 in Fighting
  8864 | D:3      | Killed ValdsEpitaph's ghost
  8962 | D:6      | Noticed Eustachio
  8969 | D:6      | Found a staircase to the Ecumenical Temple.
  8973 | D:6      | Killed Eustachio
  8973 | D:6      | Reached skill level 9 in Unarmed Combat
  9458 | D:6      | Found a radiant altar of Vehumet.
  9504 | Temple   | Entered the Ecumenical Temple
  9568 | Temple   | Fell from the grace of Ru
  9568 | Temple   | Became a worshipper of Warmaster Okawaru
  9920 | D:6      | Reached skill level 1 in Invocations
 11024 | D:7      | HP: 30/69 [hippogriff (5)]
 11028 | D:7      | HP: 10/69 [hippogriff (8)]
 11062 | D:6      | HP: 14/82 [water moccasin zombie (2)]
 11382 | D:7      | Reached XP level 10. HP: 67/76 MP: 10/14
 11534 | D:7      | Reached * piety under Okawaru
 11556 | D:7      | Learned a level 5 spell: Blade Hands
 11631 | D:7      | HP: 38/76 [something (5)]
 11634 | D:7      | Reached skill level 10 in Unarmed Combat
 11879 | D:7      | Noticed Joseph
 11896 | D:7      | HP: 30/91 [Joseph/uncursed quarterstaff (18)]
 11900 | D:7      | Killed Joseph
 11984 | D:7      | HP: 31/77 [iguana (5)]
 12687 | D:8      | Noticed a two-headed ogre
 12694 | D:8      | Killed a two-headed ogre
 12694 | D:8      | Reached ** piety under Okawaru
 12777 | D:8      | HP: 38/77 [yak (15)]
 12783 | D:7      | HP: 41/92 [yak (5)]
 12792 | D:7      | HP: 32/92 [adder (3)]
 13066 | D:8      | HP: 36/79 [yak (4)]
 13353 | D:8      | Noticed a two-headed ogre
 13365 | D:8      | HP: 34/79 [two-headed ogre/giant club (6)]
 13366 | D:8      | Killed a two-headed ogre
 13366 | D:8      | Reached skill level 11 in Unarmed Combat
 13720 | D:8      | Found Xuedotih's Magic Scroll Shop.
 13724 | D:8      | Found a glowing golden altar of the Shining One.
 13763 | D:8      | Gained mutation: You can translocate small distances at will. [mutagenic meat]
 13764 | D:8      | Gained mutation: Your spells are a little harder to cast, but a little more powerful. [mutagenic meat]
 13765 | D:8      | Gained mutation: Your body sometimes deteriorates upon taking damage. [mutagenic meat]
 13766 | D:8      | Gained mutation: You are partially covered in yellow scales. (AC +2) [mutagenic meat]
 13768 | D:8      | Lost mutation: Your body sometimes deteriorates upon taking damage. [mutagenic meat]
 13787 | D:8      | Found a stormy altar of Qazlal.
 13810 | D:8      | Reached *** piety under Okawaru
 13883 | D:8      | Reached XP level 11. HP: 71/84 MP: 11/15
 14230 | D:8      | Reached skill level 5 in Dodging
 14468 | D:8      | Found a shadowy altar of Dithmenos.
 14681 | D:9      | Noticed a two-headed ogre
 14695 | D:9      | Killed a two-headed ogre
 14695 | D:9      | Received a gift from Okawaru
 14695 | D:9      | Reached skill level 1 in Hexes
 14748 | D:9      | Found an opulent altar of Gozag.
 14804 | D:9      | Noticed a two-headed ogre
 14809 | D:9      | Killed a two-headed ogre
 14820 | D:9      | Learned a level 1 spell: Summon Butterflies
 14884 | D:9      | Found a shimmering altar of Xom.
 15075 | D:9      | Found a staircase to the Lair.
 15089 | D:9      | Reached skill level 1 in Summonings
 15089 | D:9      | Reached skill level 10 in Transmutations
 15466 | D:9      | Reached **** piety under Okawaru
 15592 | D:9      | Noticed Psyche
 15599 | D:9      | Killed Psyche
 15601 | D:9      | Reached skill level 12 in Unarmed Combat
 15603 | D:9      | HP: 42/86 [yak (16)]
 15608 | D:9      | HP: 39/86 [yak (1)]
 15613 | D:9      | HP: 37/86 [poisoned by Psyche]
 15618 | D:9      | HP: 37/86 [poisoned by Psyche]
 15625 | D:9      | HP: 36/86 [poisoned by Psyche]
 15633 | D:9      | HP: 36/86 [poisoned by Psyche]
 15883 | D:10     | Entered Level 10 of the Dungeon
 16071 | D:10     | Noticed a two-headed ogre
 16078 | D:10     | Killed a two-headed ogre
 16575 | D:10     | Reached ***** piety under Okawaru
 16579 | D:10     | Reached skill level 5 in Invocations
 16579 | D:10     | Reached XP level 12. HP: 79/94 MP: 11/16
 17187 | Lair:1   | Entered Level 1 of the Lair of Beasts
 17424 | Lair:1   | Noticed a seven-headed hydra
 17429 | Lair:1   | HP: 55/112 [seven-headed hydra (2)]
 17431 | Lair:1   | Killed a seven-headed hydra
 17824 | Lair:1   | Noticed Jazqa's ghost (journeyman KoBe)
 17832 | Lair:1   | Killed Jazqa's ghost
 17987 | Lair:1   | Reached skill level 13 in Unarmed Combat
 18019 | Lair:1   | Noticed an eight-headed hydra
 18027 | Lair:1   | HP: 52/115 [eight-headed hydra (11)]
 18028 | Lair:1   | HP: 24/115 [eight-headed hydra (10)]
 18060 | Lair:1   | HP: 30/115 [hippogriff (3)]
 18203 | Lair:1   | HP: 55/115 [eight-headed hydra (11)]
 18206 | Lair:1   | Killed an eight-headed hydra
 18404 | Lair:1   | Noticed Prince Ribbit
 18413 | Lair:1   | HP: 47/96 [blink frog[Prince Ribbit] (13)]
 18658 | Lair:1   | HP: 42/96 [blink frog[Prince Ribbit] (15)]
 18889 | Lair:1   | Killed Prince Ribbit
 19059 | Lair:1   | Received a gift from Okawaru
 19092 | Lair:1   | Got a dazzling shortbow {god gift}
 19111 | Lair:1   | Identified the +9 shortbow of Okawaru's Reproof {freeze, Int+2 SInv} (Okawaru gifted it to you on level 1 of the Lair of Beasts)
 19154 | Lair:1   | Got a transparent chain mail
 19165 | Lair:1   | Identified the cursed +1 chain mail of Ethrisch {rElec rN+} (You found it on level 1 of the Lair of Beasts)
 19785 | Lair:2   | Reached skill level 10 in Fighting
 20130 | Lair:2   | Noticed a four-headed hydra
 20145 | Lair:2   | Gained mutation: You can hop longer distances. [Barachi growth]
 20145 | Lair:2   | Reached XP level 13. HP: 83/103 MP: 13/18
 20152 | Lair:2   | HP: 48/103 [four-headed hydra (13)]
 20362 | Lair:2   | HP: 55/123 [four-headed hydra (9)]
 20411 | Lair:2   | HP: 40/123 [four-headed hydra (3)]
 20418 | Lair:2   | HP: 30/103 [four-headed hydra (5)]
 20426 | Lair:2   | HP: 26/103 [four-headed hydra (2)]
 20426 | Lair:2   | HP: 12/103 [four-headed hydra (14)]
 20426 | Lair:2   | Mangled by a four-headed hydra

Skill      XL: |  1  2  3  4  5  6  7  8  9 10 11 12 |
---------------+-------------------------------------+-----
Unarmed Combat | 4 5 6 7 8 9 11 12 13 | 13.6
Transmutations | 3 4 5 6 7 8 9 10 11 | 11.0
Fighting       | 3 4 6 7 8 10 | 10.1
Ice Magic      | 2 3 4 |  4.8
Invocations    | 1 3 5 6 |  6.2
Dodging        | 3 4 6 7 |  7.7
Spellcasting   | 3 |  3.7
Hexes          | 3 |  3.0
Summonings     | 3 |  3.0

Action                   |  1- 3 |  4- 6 |  7- 9 | 10-12 | 13-15 || total
-------------------------+-------+-------+-------+-------+-------++-------
Melee: Unarmed           |   151 |   132 |   430 |   595 |     3 ||  1311
       Punch             |     2 |     3 |       |    22 |       ||    27
 Fire: Shortbow          |       |       |       |     5 |       ||     5
 Cast: Beastly Appendage |     4 |       |       |       |       ||     4
       Spider Form       |     5 |     9 |    23 |    10 |       ||    47
       Ice Form          |       |       |     7 |    10 |     1 ||    18
       Blade Hands       |       |       |       |    21 |       ||    21
       Confusing Touch   |       |       |       |     5 |     1 ||     6
Invok: Heroism           |       |       |       |     7 |       ||     7
       Finesse           |       |       |       |     1 |       ||     1
 Abil: Hop               |       |     2 |       |     3 |     1 ||     6
  Use: Scroll            |       |       |    17 |    10 |       ||    27
 Stab: Sleeping          |     2 |     1 |     1 |     1 |       ||     5
       Confused          |       |       |       |     2 |       ||     2
  Eat: Chunk             |     4 |    11 |    25 |    46 |       ||    86
       Fruit             |       |       |     3 |     1 |       ||     4
Armor: Robe              |    36 |    11 |    32 |    52 |     3 ||   134
       Skin              |     2 |     5 |    21 |    24 |     1 ||    53
Dodge: Dodged            |   110 |   134 |   326 |   376 |    21 ||   967

Vault maps used:
D:1:      dpeg_arrival_short_road
D:2:      first_bread, nicolae_dithmenos_through_a_glass_darkly
D:5:      minmay_diamond_boxcup, gup_sewer_entry_spiral, minmay_misc_feat_tiny,
          nicolae_ru_sacrificial_ziggurat, uniq_blork_the_orc, uniq_pikel
D:6:      nicolae_overflow_hidden_temple, temple_fountains, uniq_eustachio
D:7:      feat_on_display, uniq_joseph
D:8:      lemuel_crystal_altar, overflow_temple_1_default,
          grunt_qazlal_sundering, serial_shops, shop, the_bakery, roderic_whirl
D:9:      nicolae_overflow_crystal_walls, overflow_temple_1_default,
          lair_entry_dummy, minmay_unpleasant_kobolds, uniq_psyche
D:10:     serial_glass, glass_columns_a, glass_columns_a
Temple:   regret_index_temple_waves
Lair:1:   beast_lair_carwin_10, serial_bayou_shore_a, uniq_prince_ribbit2
Sewer:    sewer_co_15_rooms
